 Dungeon Crawl Stone Soup version 0.31-a0-208-gdb31a4691d (webtiles) character file.

Game seed: 3358764124493336578

19 innerfire43 the Trooper (level 2, -2/24 HPs)
             Began as a Demonspawn Monk on June 28, 2023.
             Was a Priest of Wu Jian.
             Slain by a worm (10 damage)
             ... on level 2 of the Dungeon.
             The game lasted 00:00:33 (887 turns).

innerfire43 the Trooper (Demonspawn Monk)            Turns: 887, Time: 00:00:33

Health: -2/24      AC:  2    Str: 11    XL:     2   Next: 55%
Magic:  2/2        EV: 13    Int: 11    God:    Wu Jian [***...]
Gold:   42         SH:  0    Dex: 15    Spells: 1/1 levels left

rFire   . . .        a - +0 hand axe
rCold   . . .        d - orb {light}
rNeg    . . .        b - +0 robe
rPois   .            (no helmet)
rElec   .            (no cloak)
rCorr   .            (no gloves)
SInv    .            (no boots)
Will    .....        (no amulet)
Stlth   +            (no ring)
HPRegen 0.24/turn    (no ring)
MPRegen 0.08/turn

%: no passive effects
@: glowing
A: demonic magic 1
a: Renounce Religion, Wall Jump, Serpent's Lash


You were on level 2 of the Dungeon.
You worshipped Wu Jian.
Wu Jian was most pleased with you.
You visited 1 branch of the dungeon, and saw 2 of its levels.

You collected 42 gold pieces.

Inventory:

Hand Weapons
 a - a +0 hand axe (weapon)
Armour
 b - a +0 robe (worn)
 d - an orb of light (worn)
Jewellery
 k - a ring of poison resistance
Scrolls
 e - a scroll of immolation {unknown}
 h - a scroll of poison {unknown}
 j - a scroll of enchant weapon {unknown}
 l - a scroll of enchant armour {unknown}
Potions
 c - a potion of ambrosia
 f - a potion of attraction {unknown}
 g - a potion of heal wounds {unknown}
 i - a potion of curing {unknown}


   Skills:
 + Level 3.3 Fighting
 + Level 3.0 Axes
 + Level 3.0 Dodging


You had one spell level left.
You didn't know any spells.
Your spell library was empty.

Dungeon Overview and Level Annotations

Branches:
Dungeon (2/15)

Altars:
Wu Jian


Innate Abilities, Weirdness & Mutations

Spells you cast may paralyse adjacent enemies.


Message History

There are monsters nearby!
You barely miss the goblin. The goblin completely misses you.
You hit the goblin.
You kill the goblin!
The Council accepts your kill.
You can now briefly move at supernatural speeds.
A rat is nearby!
You lunge at the rat.
You hit the rat but do no damage. The rat barely misses you.
Things that are here:
a +0 club; a +0 chain mail A rat is nearby!
You hit the rat.
You kill the rat!
The Council accepts your kill.
No target in view!
A worm comes into view.
A worm is nearby!
A worm is nearby!
Found 6 gold pieces.
The worm bites you!
A worm is nearby!
You hit the worm.
The worm is lightly wounded.
You hit the worm.
The worm is heavily wounded.
The worm closely misses you.
A worm is nearby!
You hit the worm.
The worm is severely wounded.
The worm bites you!
* * * LOW HITPOINT WARNING * * *
A worm is nearby!
You are too injured to fight recklessly!
You are too injured to fight recklessly!
A worm is nearby!
You are too injured to fight recklessly!
You hit the worm.
The worm is almost dead.
The worm bites you!
You die...

###..# .$#..#
#.#..#
.#####. ..#
....... ..# #
.....#.##.#.#
#....#.#.#
#@..$.#
......w.#.###
#######.#.#
..#.# ####.#
#<.# #).#
#........
#.#######


You could see a worm.

Vanquished Creatures
  3 bats (D:1)
  An endoplasm (D:1)
  5 goblins
  3 hobgoblins (D:1)
  A quokka (D:1)
  A ball python (D:1)
  A frilled lizard (D:1)
  A rat (D:2)
16 creatures vanquished.

Notes
Turn   | Place    | Note
-------+----------+-------------------------------------------
     0 | D:1      | innerfire43 the Demonspawn Monk began the quest for the
                  | Orb.
     0 | D:1      | Reached XP level 1. HP: 18/18 MP: 1/1
   127 | D:1      | Found a faded altar of an unknown god.
   149 | D:1      | Prayed at the altar of an unknown god.
   149 | D:1      | Became a worshipper of the Wu Jian Council
   149 | D:1      | Reached * piety under Wu Jian
   149 | D:1      | Reached ** piety under Wu Jian
   218 | D:1      | Gained mutation: Spells you cast may paralyse adjacent
                  | enemies. [demonic ancestry]
   218 | D:1      | Reached XP level 2. HP: 22/24 MP: 2/2
   872 | D:2      | Reached *** piety under Wu Jian
   887 | D:2      | Slain by a worm

Illustrated notes

Levels and vault maps discovered:
D:1:      matt_arrival_diagonals, layout_loops_ring,
          hellmonk_ecumenical_altar_inner_sanctum
D:2:      layout_basic, uniq_terence, uniq_natasha, uniq_robin,
          uniq_crazy_yiuf_cottage

Skill      XL: |  1  2 |
---------------+-------+-----
Axes           | 3 |  3.0
Dodging        | 3 |  3.0
Fighting       | |  3.3

Action                     || total
---------------------------++-------
  Melee: Hand axe          ||    45
Ability: Lunge             ||     2
 Armour: Robe              ||     4
  Dodge: Dodged            ||    33

Table legend: (Time is in decaauts)
 A = Elapsed time spent in this place.
 B = Non-inter-level travel time spent in this place.
 C = Inter-level travel time spent in this place.
 D = Time resting spent in this place.
 E = Time spent auto-exploring this place.
 F = Levels seen in this place.
 G = Mean time per level.
                   A        B        C        D        E       F      G
               +--------+--------+--------+--------+--------+-----+--------+
         Total |    893 |    868 |     25 |      0 |    741 |   2 |  446.5 |
       Dungeon |    893 |    868 |     25 |      0 |    741 |   2 |  446.5 |
               +--------+--------+--------+--------+--------+-----+--------+

Top non-repeatable levels by time:
     D:1: 875 daAuts
     D:2: 17 daAuts
